 Dungeon Crawl Stone Soup version 0.18-a0-1413-g4eaa9ac (console) character file.

14819 Liam the Thaumaturge (level 11, -9/66 HPs)
             Began as a Deep Elf Conjurer on Feb 25, 2016.
             Was a Priest of Vehumet.
             Killed from afar by an unseen horror (30 damage)
             ... with an exploding inner flame
             ... hexed by the player character
             ... on level 13 of the Dungeon.
             The game lasted 00:27:35 (14222 turns).

Liam the Thaumaturge (Deep Elf Conjurer)           Turns: 14222, Time: 00:27:35

Health: -9/66      AC:  9    Str:  9    XL:     11   Next: 93%
Magic:  14/31      EV: 13    Int: 24    God:    Vehumet [***...]
Gold:   794        SH:  0    Dex: 15    Spells: 4 memorised, 21 levels left

rFire  . . .     SeeInvis .     (no weapon)
rCold  + . .     Gourm    .     d - +3 robe of Freedom {+Fly rC+ Str+4}
rNeg   . . .     Faith    .     (no shield)
rPois  +         Spirit   .     y - +1 hat
rElec  .         Dismiss  .     I - +1 cloak
rCorr  .         Reflect  .     P - +0 pair of gloves
SustAt .         Harm     +     (no boots)
MR     +....                    H - amulet of harm
Stlth  ++........               t - ring of poison resistance
                                G - ring of wizardry

@: somewhat resistant to hostile enchantments, unstealthy
A: no striking features
a: Renounce Religion, Evoke Flight


You were on level 13 of the Dungeon.
You worshipped Vehumet.
Vehumet was most pleased with you.
You were not hungry.

You visited 2 branches of the dungeon, and saw 14 of its levels.

You collected 794 gold pieces.

Inventory:

Armour
 d - the +3 robe of Freedom (worn) {+Fly rC+ Str+4}
   (You found it on level 5 of the Dungeon)

   It affects your strength (+4).
   It protects you from cold.
   It lets you fly.
 y - a +1 hat (worn)
 I - a +1 cloak (worn)
 P - a +0 pair of gloves (worn)
 Y - the cursed +1 leather armour "Wenug" {rC+ Int+3}
   (You found it on level 12 of the Dungeon)

   It affects your intelligence (+3).
   It protects you from cold.
   It has a curse placed upon it.
Jewellery
 p - a +1 ring of slaying
 s - an uncursed amulet of rage
 t - a ring of poison resistance (right hand)
 u - an uncursed ring of protection from magic
 A - an uncursed ring of fire
 G - a ring of wizardry (left hand)
 H - an amulet of harm (around neck)
 O - an uncursed ring of stealth
 V - an uncursed ring of stealth
Wands
 C - a wand of lightning (9/15)
 M - a wand of paralysis (4/24)
 N - a wand of flame (37/48)
 S - a wand of polymorph (10/24)
 U - a wand of acid (4/15)
Scrolls
 f - 6 scrolls of teleportation
 g - 9 scrolls of remove curse
 i - 2 scrolls of fog {unknown}
 j - 14 scrolls of identify
 k - 2 scrolls of immolation
 r - 2 scrolls of noise
 z - a scroll of fear {unknown}
 E - 4 scrolls of blinking {unknown}
 R - a scroll of silence {unknown}
 W - a scroll of summoning {unknown}
Potions
 e - 3 potions of cancellation {unknown}
 h - a potion of heal wounds {unknown}
 l - a potion of brilliance {unknown}
 m - 3 potions of lignification {unknown}
 n - 3 potions of might {unknown}
 q - a potion of invisibility {unknown}
 v - 5 potions of curing
 x - a potion of cure mutation
 L - a potion of agility {unknown}
 Q - 2 potions of ambrosia {unknown}
 T - a potion of haste
 X - a potion of beneficial mutation {unknown}
Books
 a - a book of Ice

   Spells                             Type                      Level
   a - Ice Form                       Ice/Transmutation            4
   b - Metabolic Englaciation         Hexes/Ice                    5
   c - Ozocubu's Refrigeration        Ice                          6
   d - Bolt of Cold                   Conjuration/Ice              6
   e - Freezing Cloud                 Conjuration/Ice/Air          6
   f - Simulacrum                     Ice/Necromancy               6
 b - a book of Conjurations

   Spells                             Type                      Level
   a - Magic Dart                     Conjuration                  1
   b - Searing Ray                    Conjuration                  2
   c - Dazzling Spray                 Conjuration/Hexes            3
   d - Fulminant Prism                Conjuration/Hexes            4
   e - Iskenderun's Mystic Blast      Conjuration                  4
   f - Iskenderun's Battlesphere      Conjuration/Charms           5
 D - a book of Power

   Spells                             Type                      Level
   a - Fulminant Prism                Conjuration/Hexes            4
   b - Iskenderun's Mystic Blast      Conjuration                  4
   c - Venom Bolt                     Conjuration/Poison           5
   d - Bolt of Magma                  Conjuration/Fire/Earth       5
   e - Iron Shot                      Conjuration/Earth            6
   f - Orb of Destruction             Conjuration                  7
   g - Spellforged Servitor           Conjuration/Summoning        7
 F - a book of Callings

   Spells                             Type                      Level
   a - Summon Small Mammal            Summoning                    1
   b - Call Imp                       Summoning                    2
   c - Call Canine Familiar           Summoning                    3
   d - Summon Guardian Golem          Hexes/Summoning              3
   e - Summon Lightning Spire         Summoning/Air                4
   f - Summon Ice Beast               Ice/Summoning                4
Comestibles
 c - 11 bread rations
 w - 4 meat rations
 B - 2 beef jerkies
 J - 2 fruits
 K - 3 slices of pizza


   Skills:
 + Level 6.9 Fighting
 - Level 2.4 Dodging
 - Level 2.4 Stealth
 + Level 14.0 Spellcasting
 + Level 12.3 Conjurations
 - Level 12.0 Charms


You had 21 spell levels left.
You knew the following spells:

 Your Spells              Type           Power        Failure   Level  Hunger
a - Magic Dart            Conj           ####         1%          1    None
o - Orb of Destruction    Conj           ######....   2%          7    ######.
p - Iskenderun's Battles  Conj/Chrm      ######..     1%          5    ###....
x - Iskenderun's Mystic   Conj           ######..     1%          4    None


Dungeon Overview and Level Annotations

Branches:
Dungeon (13/15)            Temple (1/1) D:5            Lair (0/8) D:9
    Orc (0/2) D:10
 Vaults: D:13-14

Altars:
Ashenzari
Cheibriados
Dithmenos
Elyvilon
Fedhas
Gozag
Kikubaaqudgha
Makhleb
Nemelex Xobeh
Okawaru
Pakellas
Qazlal
Ru
Sif Muna
Trog
Vehumet
Xom
Yredelemnul
Zin
The Shining One

Shops:
D:10 %


Message History

The efreet is almost dead.
Your battlesphere expends the last of its energy and dissipates.
Unknown command.
Casting: Magic Dart
Confirm with . or Enter, or press ? or * to list all spells.
Aiming: Magic Dart
Press: ? - help, Shift-Dir - straight line, f/p - efreet
Aim: an efreet, wielding a scimitar of flaming (almost dead)
The magic dart hits something.
Something hits you! The efreet gestures at you.
The fireball explodes!
The fireball engulfs something.
The fireball engulfs you!
Unknown command.
Casting: Magic Dart
Confirm with . or Enter, or press ? or * to list all spells.
Aiming: Iskenderun's Mystic Blast
Press: ? - help, Shift-Dir - straight line, f/p - efreet
Aim: an efreet, wielding a scimitar of flaming (almost dead)
The orb of energy hits something.
The fiery explosion engulfs you!
You die...

##### #....
#... #...
+..# #..###.#
#§@§...+
......§§#####
...####§# .
#§# #R# #.#
..§ ##.


You could see an efreet.

Vanquished Creatures
  A hydra (D:13)
  2 hill giants (D:10)
  An ugly thing (D:11)
  A cyclops (D:11)
  An elephant (D:9)
  2 centaur zombies (D:10)
  A komodo dragon (D:12)
  6 trolls
  A two-headed ogre (D:10)
  A spriggan (D:11)
  3 wyverns
  12 yaks
  A steam dragon (D:11)
  A basilisk (D:11)
  4 hungry ghosts
  6 orc warriors
  A swamp drake (D:10)
  3 ice beasts
  4 sky beasts
  2 phantoms
  5 ogres
  3 necrophages (D:7)
  A crocodile (D:9)
  15 centaurs
  3 giant frogs
  5 scorpions
  12 killer bees
  2 wights (D:7)
  4 howler monkeys
  3 electric eels (D:7)
  6 crimson imps
  7 hounds
  A jelly (D:12)
  A gnoll shaman (D:9)
  11 orc priests
  12 orc wizards
  3 centaur skeletons
  A giant frog skeleton (D:7)
  Natasha (D:3)
  2 iguanas
  9 worker ants
  A killer bee zombie (D:6)
  4 sheep
  A mummy (D:7)
  4 hound skeletons
  15 gnolls
  A worker ant zombie (D:7)
  13 adders
  5 shadow imps
  An adder zombie (D:5)
  An adder skeleton (D:10)
  5 worms
  2 dart slugs
  2 giant geckos
  32 orcs
  3 ball pythons
  5 bats
  A bat zombie (D:2)
  9 giant cockroaches
  9 goblins
  11 hobgoblins
  17 jackals
  4 quokkas
  A giant gecko zombie (D:8)
  2 giant newts
  14 kobolds
  11 rats
  2 rat zombies (D:2)
337 creatures vanquished.

Notes
Turn   | Place    | Note
--------------------------------------------------------------
     0 | D:1      | Liam the Deep Elf Conjurer began the quest for the Orb.
     0 | D:1      | Reached XP level 1. HP: 10/10 MP: 6/6
   322 | D:1      | Reached XP level 2. HP: 15/15 MP: 4/8
   882 | D:2      | Reached skill level 5 in Conjurations
  1004 | D:2      | Reached XP level 3. HP: 19/19 MP: 6/10
  1006 | D:2      | Reached skill level 4 in Spellcasting
  2066 | D:2      | Found an ancient bone altar of Kikubaaqudgha.
  2108 | D:3      | Reached XP level 4. HP: 24/24 MP: 6/12
  2233 | D:3      | Noticed a giant frog
  2239 | D:3      | Killed a giant frog
  2239 | D:3      | Reached skill level 5 in Spellcasting
  2239 | D:3      | Reached XP level 5. HP: 28/28 MP: 6/14
  2666 | D:3      | Noticed Natasha
  2669 | D:3      | Killed Natasha
  2941 | D:3      | Reached skill level 6 in Spellcasting
  3009 | D:3      | Learned a level 4 spell: Iskenderun's Mystic Blast
  3015 | D:3      | Learned a level 5 spell: Iskenderun's Battlesphere
  3688 | D:4      | Noticed a moth of wrath
  3692 | D:4      | Reached skill level 1 in Charms
  3692 | D:4      | Reached XP level 6. HP: 32/32 MP: 13/17
  3694 | D:4      | Found a bloodstained altar of Trog.
  3720 | D:3      | HP: 1/32 [rat (3)]
  4754 | D:5      | Entered Level 5 of the Dungeon
  4882 | D:5      | Reached XP level 7. HP: 36/36 MP: 2/19
  5003 | D:5      | Found a staircase to the Ecumenical Temple.
  5033 | Temple   | Entered the Ecumenical Temple
  5818 | D:5      | Reached skill level 7 in Spellcasting
  5818 | D:5      | Reached skill level 5 in Charms
  6077 | D:5      | Got a fine robe
  6088 | D:5      | Identified the +3 robe of Freedom {+Fly rC+ Str+4} (You found it on level 5 of the Dungeon)
  6378 | D:5      | Found a snail-covered altar of Cheibriados.
  6513 | D:6      | Found a glowing silver altar of Zin.
  6813 | D:6      | Reached XP level 8. HP: 23/41 MP: 8/21
  6960 | D:6      | Reached skill level 8 in Spellcasting
  7087 | D:5      | Found a radiant altar of Vehumet.
  7087 | D:5      | Found a basalt altar of Yredelemnul.
  7655 | D:6      | Reached skill level 9 in Spellcasting
  7655 | D:6      | Reached skill level 10 in Charms
  7872 | D:6      | Learned a level 7 spell: Orb of Destruction
  8028 | D:6      | Found an oddly glowing altar of Pakellas.
  8181 | D:6      | Reached XP level 9. HP: 45/45 MP: 12/24
  9025 | D:7      | Reached skill level 10 in Spellcasting
  9618 | D:8      | Reached skill level 1 in Fighting
  9620 | D:8      | Found an oddly glowing altar of Pakellas.
  9621 | D:8      | Found a shattered altar of Ashenzari.
  9755 | D:8      | Found a glowing golden altar of the Shining One.
  9755 | D:8      | Found a white marble altar of Elyvilon.
  9757 | D:8      | Found a deep blue altar of Sif Muna.
  9850 | D:8      | Found a stormy altar of Qazlal.
  9968 | D:9      | Found a staircase to the Lair.
  9968 | D:9      | Noticed an elephant
 10064 | D:5      | Became a worshipper of Vehumet
 10132 | D:9      | Reached XP level 10. HP: 53/53 MP: 19/26
 10180 | D:9      | Reached skill level 11 in Spellcasting
 10510 | D:9      | Killed an elephant
 10510 | D:9      | Reached skill level 10 in Conjurations
 11078 | D:10     | Entered Level 10 of the Dungeon
 11130 | D:10     | Found Xeat's Food Shop.
 11183 | D:10     | Reached * piety under Vehumet
 11183 | D:10     | Offered knowledge of Flame Tongue by Vehumet.
 11204 | D:10     | Reached skill level 12 in Spellcasting
 11297 | D:10     | Found a shimmering altar of Xom.
 11516 | D:10     | Noticed a hill giant
 11520 | D:10     | Killed a hill giant
 11520 | D:10     | Reached XP level 11. HP: 62/62 MP: 7/29
 11811 | D:10     | Reached skill level 5 in Fighting
 11914 | D:10     | Reached ** piety under Vehumet
 12052 | D:10     | Found a staircase to the Orcish Mines.
 12226 | D:10     | Offered knowledge of Sandblast by Vehumet.
 12237 | D:10     | Noticed a hill giant
 12240 | D:10     | Killed a hill giant
 12612 | D:11     | Reached skill level 13 in Spellcasting
 12778 | D:11     | Offered knowledge of Throw Flame by Vehumet.
 12897 | D:11     | Noticed a white ugly thing
 12900 | D:11     | Killed a white ugly thing
 12927 | D:11     | Reached *** piety under Vehumet
 13820 | D:12     | Got a citrine-encrusted leather armour
 13822 | D:12     | Identified the cursed +1 leather armour "Wenug" {rC+ Int+3} (You found it on level 12 of the Dungeon)
 13878 | D:12     | Offered knowledge of Sticky Flame by Vehumet.
 14215 | D:13     | Noticed a six-headed hydra
 14217 | D:13     | Killed a six-headed hydra
 14217 | D:13     | Reached skill level 14 in Spellcasting
 14222 | D:13     | Killed an unseen horror
 14222 | D:13     | Killed from afar by an unseen horror

Vault maps used:
D:1:      dpeg_arrival_fog, serial_bayou_pond_d
D:2:      lemuel_zombie_altar_kikubaaqudgha, first_bread
D:3:      st_stairs_8, nrook_loot_triangle, uniq_natasha
D:4:      tgw_trog
D:5:      marbit_many_paths, nicolae_overflow_hidden_temple, temple_green
D:6:      kennysheep_housing_project, nicolae_overflow_crystal_walls,
          basic_altar
D:7:      serial_undead, serial_undead_f, serial_undead_d, serial_undead_f,
          serial_undead_e, kennysheep_generic_room_7
D:8:      grunt_temple_overflow_open, nicolae_qazlal_eye_of_the_storm
D:9:      david_lair_generic
D:10:     erik_orc_1, serial_shops, kennysheep_little_box, basic_altar
D:11:     the_bakery
D:12:     hex_intersection, hangedman_decor_peaks_small
D:13:     hangedman_vaults_entry_quadrant_bands, enter_bailey_3
Temple:   minmay_temple_curvy_8

Skill      XL: |  1  2  3  4  5  6  7  8  9 10 11 |
---------------+----------------------------------+-----
Conjurations   | 5 6 7 8 9 11 12 | 12.3
Spellcasting   | 4 5 6 7 9 10 12 14 | 14.0
Charms         | 1 4 7 10 12 | 12.0
Fighting       | 1 4 6 |  6.9
Dodging        | |  2.4
Stealth        | |  2.4

Action                   |  1- 3 |  4- 6 |  7- 9 | 10-12 || total
-------------------------+-------+-------+-------+-------++-------
Melee: Unarmed           |     2 |       |    62 |       ||    64
 Cast: Magic Dart        |    92 |   135 |   199 |   244 ||   670
       Iskenderun's Myst |       |     4 |    35 |    41 ||    80
       Iskenderun's Batt |       |     2 |    33 |    52 ||    87
Evoke: Wand              |       |       |       |     2 ||     2
  Use: Potion            |       |     1 |     1 |       ||     2
       Scroll            |       |       |     1 |     5 ||     6
  Eat: Chunk             |     3 |     9 |    20 |    19 ||    51
       Beef jerky        |       |       |     2 |       ||     2
       Fruit             |       |       |     1 |       ||     1
